 Dungeon Crawl Stone Soup version 0.29-a0-721-g7f417c9bbb (webtiles) character file.

Game seed: 15978094014644077680

165 dolemite99 the Shooter (level 5, -3/38 HPs)
             Began as a Demonspawn Hunter on June 27, 2022.
             Was an Initiate of Trog.
             Slain by an adder (4 damage)
             ... on level 3 of the Dungeon.
             The game lasted 00:03:00 (2673 turns).

dolemite99 the Shooter (Demonspawn Hunter)          Turns: 2673, Time: 00:03:01

Health: -3/38      AC:  5    Str: 14    XL:     5   Next: 22%
Magic:  5/5        EV: 12    Int: 10    God:    Trog [......]
Gold:   148        SH:  0    Dex: 16    Spells: 4/4 levels left

rFire   + . .      SeeInvis .   a - +0 shortbow
rCold   + . .      Faith    .   (shield currently unavailable)
rNeg    . . .      Spirit   .   h - +2 leather armour {Will+}
rPois   +          Reflect  .   (no helmet)
rElec   +          Harm     .   (no cloak)
rCorr   +          Rampage  .   (no gloves)
Will    +....                   (no boots)
Stlth   +.........              (no amulet)
HPRegen 0.12/turn               l - ring of wizardry
MPRegen 0.18/turn               (no ring)

@: brilliant, lethally poisoned (-3 -> -5), resistant, attractive, flying,
hasted, very quick
A: demonic guardian 1, magic regeneration
a: Renounce Religion


You were on level 3 of the Dungeon.
You worshipped Trog.
Trog was noncommittal.
You visited 1 branch of the dungeon, and saw 4 of its levels.

You collected 148 gold pieces.

Inventory:

Hand Weapons
 a - a +0 shortbow (weapon)
 n - a +0 flail
Armour
 c - a +0 leather armour
 e - a +0 ring mail
 h - a +2 leather armour of willpower (worn)
Jewellery
 l - a ring of wizardry (left hand)
Scrolls
 b - a scroll of immolation
 m - a scroll of blinking
 o - a scroll of teleportation
Potions
 g - a potion of brilliance
 j - a potion of attraction


   Skills:
 - Level 2.0 Fighting
 + Level 6.0 Ranged Weapons
 - Level 1.7 Dodging
 - Level 0.8 Stealth


You had 4 spell levels left.
You didn't know any spells.
Your spell library was empty.

Dungeon Overview and Level Annotations

Branches:
Dungeon (4/15)
 Temple: D:4-7

Altars:
Sif Muna
Trog


Innate Abilities, Weirdness & Mutations

A weak demonic guardian rushes to your aid.
You regenerate magic rapidly.


Message History

You shoot an arrow.
The arrow hits the scorpion but does no damage.
The scorpion is severely wounded.
You feel sick.
Your shadow imp hits the adder.
The adder bites you.
Non-targeted confused fire: a) +0 shortbow
Press: ? - help, Q - select action Dir - look around, f - activate You shoot an arrow.
The arrow hits the scorpion.
The scorpion is almost dead.
You feel less invigorated.
You feel less confused.
You feel sick. The scorpion stings you. The adder bites you.
* * * LOW HITPOINT WARNING * * *
Your shadow imp misses the adder.
The scorpion stings you.
* * * LOW HITPOINT WARNING * * *
Fire: a) +0 shortbow
Press: ? - help, Q - select action Shift-Dir - straight line, f - scorpion
Aim: a scorpion (almost dead, 64% to hit)
You shoot an arrow.
The arrow hits the scorpion but does no damage.
The scorpion is almost dead.
You feel sick. The adder barely misses you.
Your shadow imp completely misses the adder.
Fire: a) +0 shortbow
Press: ? - help, Q - select action Shift-Dir - straight line, f/p - scorpion
Aim: a scorpion (almost dead, 64% to hit)
You shoot an arrow. The arrow closely misses the scorpion.
You feel sick. The scorpion stings you.
* * * LOW HITPOINT WARNING * * *
The adder closely misses you.
Fire: a) +0 shortbow
Press: ? - help, Q - select action Shift-Dir - straight line, f/p - scorpion
Aim: a scorpion (almost dead, 64% to hit)
You shoot an arrow. The arrow hits the scorpion.
You kill the scorpion!
Trog accepts your kill.
* * * LOW HITPOINT WARNING * * *
You feel sick.
Your shadow imp closely misses the adder.
The adder bites you.
You die...

##.#.####.#.##.###.............
#.#.# #.#.#........####.####.
#.#.# #.#..........##.....##.
####.#.####.#..........#.......#.
#...........#..........#.......#.
#.....#######.............._.....
#.....# ###...[.##.#.......#†
#.....# #.S5.....#.......#.
......# ##@####..##.....##.
.....### ### ##.####.####.
.......# #........... ####...#
############ #...# #...# #####
#...# ############ #.... ####...#
#..........# #.... #.....##
#..........# #.^.(


You could see an adder (ally target) and a friendly shadow imp (summoned).

Vanquished Creatures
  A scorpion (D:3)
  An orc priest (D:4)
  3 gnolls (D:3)
  5 adders
  A dart slug (D:1)
  4 orcs (D:4)
  3 ball pythons
  3 bats
  2 endoplasms
  A giant cockroach (D:1)
  7 goblins
  8 hobgoblins
  3 kobolds
  2 quokkas
  3 frilled lizards
  5 rats
52 creatures vanquished.

Vanquished Creatures (collateral kills)
  A gnoll (D:3)
1 creature vanquished.

Grand Total: 53 creatures vanquished

Notes
Turn   | Place    | Note
-------+----------+-------------------------------------------
     0 | D:1      | dolemite99 the Demonspawn Hunter began the quest for the
                  | Orb.
     0 | D:1      | Reached XP level 1. HP: 16/16 MP: 1/1
   270 | D:1      | Reached skill level 4 in Ranged Weapons
   290 | D:1      | Gained mutation: You regenerate magic rapidly. [demonic
                  | ancestry]
   290 | D:1      | Reached XP level 2. HP: 22/22 MP: 2/2
   903 | D:2      | Found a faded altar of an unknown god.
  1480 | D:3      | Gained mutation: A weak demonic guardian rushes to your
                  | aid. [demonic ancestry]
  1480 | D:3      | Reached XP level 3. HP: 20/27 MP: 3/3
  1709 | D:3      | Found a shimmering blue altar of Sif Muna.
  1918 | D:3      | Found a bloodstained altar of Trog.
  1943 | D:3      | Became a worshipper of Trog the Wrathful
  2033 | D:3      | Reached skill level 5 in Ranged Weapons
  2040 | D:3      | Reached XP level 4. HP: 5/33 MP: 4/4
  2582 | D:4      | Reached skill level 6 in Ranged Weapons
  2582 | D:4      | Reached XP level 5. HP: 38/38 MP: 5/5
  2673 | D:3      | HP: 1/38 [poisoned by an adder]
  2673 | D:3      | Slain by an adder

Illustrated notes

Levels and vault maps discovered:
D:1:      mrwooster_arrival_statue_3, layout_loops_ring, serial_glass,
          glass_columns_a, glass_columns_a
D:2:      layout_basic, shapermc_ecumenical_altar_venn, roderic_serpentine_path,
          kennysheep_generic_room_3
D:3:      layout_basic, bloody_trog, old_standard_altar
D:4:      layout_cave_pods, chequers_temple_overflow_minitemple,
          minmay_ruined_shrine

Skill      XL: |  1  2  3  4 |
---------------+-------------+-----
Ranged Weapons | 4 5 6 |  6.0
Fighting       | |  2.0
Dodging        | |  1.7
Stealth        | |  0.8

Action                   |  1- 3 |  4- 6 || total
-------------------------+-------+-------++-------
 Fire: Shortbow          |   110 |    64 ||   174
  Use: Scroll            |     5 |       ||     5
       Potion            |       |     6 ||     6
Armor: Ring mail         |    12 |       ||    12
       Leather armour    |     7 |    10 ||    17
Dodge: Dodged            |    36 |    31 ||    67

Table legend: (Time is in decaauts)
 A = Elapsed time spent in this place.
 B = Non-inter-level travel time spent in this place.
 C = Inter-level travel time spent in this place.
 D = Time resting spent in this place.
 E = Time spent auto-exploring this place.
 F = Levels seen in this place.
 G = Mean time per level.
                   A        B        C        D        E       F      G
               +--------+--------+--------+--------+--------+-----+--------+
         Total |   2727 |   2644 |     83 |    648 |   1521 |   4 |  681.8 |
       Dungeon |   2727 |   2644 |     83 |    648 |   1521 |   4 |  681.8 |
               +--------+--------+--------+--------+--------+-----+--------+

Top non-repeatable levels by time:
     D:3: 1144 daAuts
     D:2: 753 daAuts
     D:1: 728 daAuts
     D:4: 101 daAuts
